Description

This build is an all-in on 2 bases. The goal is to do a DT drop then going to a mass zealot with blink DT. Blink DT is amazing on mid game because you can pass through the first line and block units when he try to hit n run you. The build can be use in many way and you can go to a macro game after the push. Pretty good build and works well against Master and GM player.

  • Open with a gate expand : I start with 2 stalkers and battery shield for defense
  • After the second stalker : Twilight concil on a hidden pylon (avoid the scan)
  • Around 3,15 : Robotic => You need a warp prism and 3 gate
  • Add 2 gates and 2 gaz on your expand
  • Between 4 and 5min, stay active on minimap, it's the timing for drop and you need to be ready to warp units. Against marines drop for example, DTs are a good option. If there is no drop, you can warp your 3 DTs at the warp prism then drop them
  • Do the blink DT tech : You need to do it first because it's a loooooong tech to research
  • Split your DTs : 1 on main, 1 on natural and 1 on tech : He will need 3 scan if he is not ready
  • Start chargelot and go to +7 gates (it will be okay because DT and zealot aren't so expensive as mineral)
  • Push betweend 6,30 and 7min : All your gaz on DT, all your mineral (when you have no gaz) on zealot
  • Push, blink behind army and enjoy your win !

(VOD is in French)

VOD

https://youtu.be/qSzFK_mb-xY

Replay - zuka - PvT blink DT / zealots charge

Build Order

Get SALT Encoding   

  12  0:01  Probe  
  13  0:13  Probe  
  14  0:20  Pylon  
  14  0:25  Probe (Chrono Boost)  
  15  0:37  Probe (Chrono Boost)  
  15  0:39  Gateway  
  16  0:45  Probe  
  16  0:47  Assimilator  
  17  0:57  Probe (Chrono Boost)  
  18  1:08  Probe x2 (Chrono Boost)  
  20  1:26  Nexus  
  20  1:37  Cybernetics Core  
  20  1:38  Probe  
  21  1:44  Assimilator  
  21  1:50  Probe  
  22  1:55  Pylon  
  24  2:18  Stalker (Chrono Boost)  
  24  2:20  Warp Gate  
  26  2:43  Twilight Council  
  28  2:45  Stalker  
  31  2:57  Shield Battery  
  34  3:15  Gateway  
  35  3:22  Robotics Facility  
  36  3:33  Dark Shrine  
  37  3:34  Stalker (Chrono Boost)  
  41  3:55  Gateway  
  43  4:00  Pylon  
  44  4:07  Assimilator x2  
  46  4:13  Warp Prism (Chrono Boost)  
  46  4:17  Pylon  
  48  4:26  Charge  
  48  4:28  Shield Battery  
  50  4:43  Shadow Stride (Chrono Boost)  
  50  4:45  Immortal (Chrono Boost)  
  52  4:51  Pylon  
  56  5:05  Dark Templar x3  
  60  5:41  Dark Templar x2  
  64  5:50  Gateway x2  
  64  5:56  Dark Templar  
  66  6:03  Gateway x3  
  66  6:11  Gateway x2  
  66  6:15  Dark Templar x2  
  70  6:29  Dark Templar  
  74  6:45  Dark Templar  
  78  6:47  Zealot  
  78  7:02  Zealot  
  80  7:20  Zealot x7  
Spawning Tool Build Advisor. Get it on Overwolf

Go to:

Details

  • Created by: zuka      
  • Published on: May 03, 2018
  • Modified on: May 04, 2018
  • Patch: 4.0.0
Show
View Real Time Build Order
Export as new Build Order

Comments (0)

There are no comments. Be the first!

Create an account to comment!